 Dungeon Crawl Stone Soup version 0.24-a0-458-gfcb5e6d (webtiles) character file.

Game seed: 1746645996607748290

482 GandaPestile the Chopper (level 6, 0/55 HPs)
             Began as a Minotaur Fighter on June 27, 2019.
             Slain by Despondentz's ghost (14 damage)
             ... on level 4 of the Dungeon.
             The game lasted 00:09:15 (3052 turns).

GandaPestile the Chopper (Minotaur Fighter)         Turns: 3052, Time: 00:09:15

Health: 0/55       AC:  7    Str: 22    XL:     6   Next: 87%
Magic:  5/5        EV:  8    Int:  5    God:
Gold:   171        SH: 10    Dex: 10    Spells: 5/5 levels left

rFire    . . .     SeeInvis .   a - +0 war axe
rCold    . . .     Gourm    .   c - +0 shield
rNeg     . . .     Faith    .   b - +0 scale mail
rPois    .         Spirit   .   (helmet restricted)
rElec    .         Reflect  .   (no cloak)
rCorr    .         Harm     .   (no gloves)
MR       .....                  (no boots)
Stlth    ..........             (no amulet)
HPRegen  0.18/turn              (no ring)
MPRegen  0.09/turn              (no ring)

@: no status effects
A: retaliatory headbutt, horns 2
a: no special abilities


You were on level 4 of the Dungeon.
You were not hungry.

You visited 1 branch of the dungeon, and saw 4 of its levels.

You collected 171 gold pieces.

Inventory:

Hand Weapons
 a - a +0 war axe (weapon)
 u - a +2 flail of draining
Armour
 b - a +0 scale mail (worn)
 c - a +0 shield (worn)
 m - a +0 scale mail
 s - a +0 chain mail
Jewellery
 k - an uncursed ring of poison resistance {unknown}
Scrolls
 g - a scroll of immolation {unknown}
 i - 4 scrolls of noise {unknown}
 j - a scroll of identify {unknown}
 l - 3 scrolls of remove curse {unknown}
 o - a scroll of random uselessness {unknown}
 r - a scroll of enchant armour {unknown}
 t - a scroll of amnesia {unknown}
 w - a scroll of teleportation {unknown}
Potions
 d - 2 potions of might
 e - a potion of berserk rage {unknown}
 h - 3 potions of curing {unknown}
 n - a potion of brilliance {unknown}
 p - 2 potions of flight {unknown}
 q - a potion of haste {unknown}
 v - a potion of resistance {unknown}
Comestibles
 f - 2 rations


   Skills:
 + Level 4.8 Fighting
 * Level 6.0 Axes
 + Level 4.9 Armour
 - Level 1.5 Dodging
 + Level 5.5 Shields


You had 5 spell levels left.
You didn't know any spells.
Your spell library was empty.

Dungeon Overview and Level Annotations

Branches:
Dungeon (4/15)
 Temple: D:4-7

Altars:
Cheibriados
Uskayaw
Xom
Zin

Annotations:
D:4 Despondentz's ghost, novice GnHu


Innate Abilities, Weirdness & Mutations

You reflexively headbutt those who attack you in melee.
You have a pair of horns on your head.


Message History

You furiously retaliate!
You headbutt Despondentz's ghost. You slash Despondentz's ghost!
Despondentz's ghost is heavily damaged.
Despondentz's ghost hits you!
* * * LOW HITPOINT WARNING * * *
You closely miss Despondentz's ghost.
Your headbutt misses Despondentz's ghost.
Despondentz's ghost is heavily damaged.
You block Despondentz's ghost's attack.
You barely miss Despondentz's ghost.
Despondentz's ghost is heavily damaged.
You block Despondentz's ghost's attack.
Despondentz's ghost whispers, "Everlasting silence awaits you..."
Despondentz's ghost hits you.
* * * LOW HITPOINT WARNING * * *
You miss Despondentz's ghost.
Your headbutt misses Despondentz's ghost.
Despondentz's ghost is heavily damaged.
Despondentz's ghost hits you!
You die...

######### #.......#
######### #.......#
........### #.......#
#######...###.......#
###.....#.#####
####..#.#######
#......@W....# #
#..####.##.##....# #
#.# #.#...# #.. # #.
#.##w## # #.) #.#≈≈≈#
# ##.. #.#≈≈≈# # ...
#.#≈≈≈# ### #.#
#.#≈≈≈# †.##..###
#≈(≈#


You could see Despondentz's ghost.

Vanquished Creatures
  Sigmund (D:2)
  A hound (D:4)
  Jessica (D:2)
  An iguana (D:4)
  2 worker ants (D:3)
  4 adders
  4 gnolls (D:3)
  An ooze (D:1)
  4 worms (D:2)
  2 dart slugs
  4 leopard geckos
  10 orcs (D:3)
  2 giant cockroaches (D:1)
  10 goblins
  9 hobgoblins
  13 jackals
  8 kobolds
  A ball python (D:4)
  9 bats
  6 rats
  A bush (D:2)
94 creatures vanquished.

Notes
Turn   | Place    | Note
-------+----------+-------------------------------------------
     0 | D:1      | GandaPestile the Minotaur Fighter began the quest for the
                  | Orb.
     0 | D:1      | Reached XP level 1. HP: 19/19 MP: 0/0
   177 | D:1      | Reached XP level 2. HP: 27/27 MP: 1/1
   452 | D:1      | Reached XP level 3. HP: 33/33 MP: 2/2
   455 | D:1      | Reached skill level 3 in Axes
  1200 | D:2      | Reached XP level 4. HP: 40/40 MP: 3/3
  1225 | D:2      | Noticed Jessica
  1238 | D:2      | Killed Jessica
  1241 | D:2      | Noticed Sigmund
  1257 | D:2      | Killed Sigmund
  1257 | D:2      | Reached skill level 5 in Axes
  1257 | D:2      | Reached skill level 1 in Dodging
  1257 | D:2      | Reached skill level 5 in Shields
  1257 | D:2      | Reached XP level 5. HP: 19/46 MP: 4/4
  1272 | D:2      | Found a glowing silver altar of Zin.
  1374 | D:2      | Reached XP level 6. HP: 33/53 MP: 5/5
  1756 | D:2      | Found a snail-covered altar of Cheibriados.
  1756 | D:2      | Found a hide-covered altar of Uskayaw.
  1969 | D:3      | Found a shimmering altar of Xom.
  2302 | D:3      | Found a shimmering altar of Xom.
  2359 | D:3      | Found a shimmering altar of Xom.
  2359 | D:3      | Found a shimmering altar of Xom.
  2360 | D:3      | Found a shimmering altar of Xom.
  2361 | D:3      | Found a shimmering altar of Xom.
  2989 | D:4      | Reached skill level 6 in Axes
  3031 | D:4      | Found a runed translucent door.
  3032 | D:4      | Noticed Despondentz's ghost (novice GnHu)
  3052 | D:4      | Slain by Despondentz's ghost

Levels and vault maps discovered:
D:1:      psy_arrival_fountain, layout_loops_ring, serial_bayou_pond_e
D:2:      layout_loops_ring, gammafunk_temple_overflow_forgotten, hex_large,
          uniq_jessica, uniq_sigmund
D:3:      layout_basic, xom_redecorated, first_ration
D:4:      layout_rooms, ebering_ghost_sewer_f, uniq_crazy_yiuf_cottage

Skill      XL: |  1  2  3  4  5  6 |
---------------+-------------------+-----
Shields        | 4 5 |  5.5
Fighting       | 4 |  4.8
Armour         | 4 |  4.9
Axes           | 3 5 6 |  6.0
Dodging        | 1 |  1.5

Action                   |  1- 3 |  4- 6 || total
-------------------------+-------+-------++-------
Melee: War axe           |    96 |   160 ||   256
       Headbutt          |    11 |    25 ||    36
  Eat: Chunk             |       |     2 ||     2
       Ration            |       |     2 ||     2
Armor: Scale mail        |    41 |    66 ||   107
Dodge: Dodged            |    30 |    44 ||    74
Block: Shield            |    45 |    86 ||   131

Table legend:
 A = Non-vault XP
 B = Vault XP
 C = Vault XP percentage of total XP
 D = Non-vault monster count
 E = Vault monster count
 F = Vault count percentage of total count
                 A         B        C        D         E       F
            +---------+---------+-------+---------+---------+-------
      Total |     427 |     262 |  38.0 |      89 |       4 |   4.3
            +---------+---------+-------+---------+---------+-------
        D:1 |      64 |       0 |   0.0 |      32 |       0 |   0.0
        D:2 |      75 |     260 |  77.6 |      21 |       2 |   8.7
        D:3 |     201 |       0 |   0.0 |      28 |       0 |   0.0
        D:4 |      87 |       2 |   2.2 |       8 |       2 |  20.0
            +---------+---------+-------+---------+---------+-------
